PCL
SALT LAKE BEES @ LAS VEGAS 51S
07/07/2098
 
TOP OF THE 1ST
Salt Lake Bees batting - Pitching for Las Vegas 51s : LHP Cesar Corona
Pitching: LHP Cesar Corona
Batting: RHB Nick Kirks 0-0: Foul Ball, location: 2F
0-1: Foul Ball, location: 2F
0-2: Ball
1-2: Ball
2-2: Ball
3-2: Foul Ball, location: 9LMF
3-2: Fly out, F7 (Flyball, 78S, EV 89.4 MPH)
Batting: LHB Jim Matthews 0-0: Swinging Strike
0-1: Called Strike
0-2: Ball
1-2: Ball
2-2: Strikes out looking
Batting: RHB Roberto Lozano 0-0: Ball
1-0: Ground out 6-3 (Groundball, 6S, EV 69.4 MPH)
Top of the 1st over - 0 runs, 0 hits, 0 errors, 0 left on base; Salt Lake 0 - Las Vegas 0
BOTTOM OF THE 1ST
Las Vegas 51s batting - Pitching for Salt Lake Bees : RHP Vic Correa
Pitching: RHP Vic Correa
Batting: RHB Tommy Gallant 0-0: Ball
1-0: Ball
2-0: Swinging Strike
2-1: Ball
3-1: Foul Ball, location: 2F
3-2: Ground out 6-3 (Groundball, 6, EV 78.1 MPH)
Batting: RHB Joseph Burgess 0-0: Fly out, F9 (Line Drive, 9D, EV 108.1 MPH)
Batting: LHB Omar Gomez 0-0: Called Strike
0-1: Swinging Strike
0-2: Ground out 3-1 (Groundball, 34, EV 81.3 MPH)
Bottom of the 1st over - 0 runs, 0 hits, 0 errors, 0 left on base; Salt Lake 0 - Las Vegas 0
TOP OF THE 2ND
Salt Lake Bees batting - Pitching for Las Vegas 51s : LHP Cesar Corona
Batting: LHB Roger Adkins 0-0: Foul Ball, location: 5DF
0-1: Swinging Strike
0-2: Ball
1-2: Ball
2-2: Foul Ball, location: 23F
2-2: Strikes out swinging
Batting: SHB Bobby Boatright 0-0: Swinging Strike
0-1: Ball
1-1: Fly out, F7 (Flyball, 7S, EV 86.9 MPH)
Batting: RHB Xavier Montes 0-0: Called Strike
0-1: Fly out, F8 (Flyball, 8RD, EV 101.3 MPH)
Top of the 2nd over - 0 runs, 0 hits, 0 errors, 0 left on base; Salt Lake 0 - Las Vegas 0
BOTTOM OF THE 2ND
Las Vegas 51s batting - Pitching for Salt Lake Bees : RHP Vic Correa
Batting: RHB Jeremy Brant 0-0: Foul Ball, location: 7LSF
0-1: Ball
1-1: Foul Ball, location: 7LMFF
1-2: Foul Ball, location: 9LDF
1-2: Ground out 1-3 (Groundball, 15S, EV 65.6 MPH)
Batting: RHB Yutaka Higashi 0-0: Called Strike
0-1: Ball
1-1: Foul Ball, location: 2F
1-2: Ball
2-2: Ball
3-2: Foul Ball, location: 2F
3-2: Strikes out looking
Batting: RHB Omar Munoz 0-0: Called Strike
0-1: Called Strike
0-2: Foul Ball, location: 2F
0-2: Ball
1-2: Ball
2-2: Ball
3-2: Ground out 6-3 (Groundball, 6S, EV 92.5 MPH)
Bottom of the 2nd over - 0 runs, 0 hits, 0 errors, 0 left on base; Salt Lake 0 - Las Vegas 0
TOP OF THE 3RD
Salt Lake Bees batting - Pitching for Las Vegas 51s : LHP Cesar Corona
Batting: LHB Ricky Sisneros 0-0: Called Strike
0-1: Foul Ball, location: 5FF
0-2: Foul Ball, location: 7LDF
0-2: Strikes out swinging
Batting: RHB Adam Scott 0-0: Called Strike
0-1: Called Strike
0-2: Foul Ball, location: 9LDF
0-2: Ball
1-2: Ball
2-2: Strikes out looking
Batting: LHB Ryan Mascolino 0-0: Ball
1-0: SINGLE (Groundball, 34D, EV 105.0 MPH)
Batting: RHB Nick Kirks 0-0: Called Strike
0-1: Foul Ball, location: 2F
0-2: Ball
1-2: Ball
2-2: Ground out 1-3 (Groundball, 15S, EV 74.4 MPH)
Top of the 3rd over - 0 runs, 1 hit, 0 errors, 1 left on base; Salt Lake 0 - Las Vegas 0
BOTTOM OF THE 3RD
Las Vegas 51s batting - Pitching for Salt Lake Bees : RHP Vic Correa
Batting: SHB Jose Chavarria 0-0: Fly out, F5 (Popup, 56, EV 60.6 MPH)
Batting: RHB Ken Lopez 0-0: Called Strike
0-1: Called Strike
0-2: Ball
1-2: Ball
2-2: Ball
3-2: Fly out, F8 (Flyball, 89M, EV 80.6 MPH)
Batting: RHB Armando Pereyra 0-0: Ground out 6-3 (Groundball, 56, EV 85.6 MPH)
Bottom of the 3rd over - 0 runs, 0 hits, 0 errors, 0 left on base; Salt Lake 0 - Las Vegas 0
TOP OF THE 4TH
Salt Lake Bees batting - Pitching for Las Vegas 51s : LHP Cesar Corona
Batting: LHB Jim Matthews 0-0: Called Strike
0-1: Ball
1-1: Foul Ball, location: 2F
1-2: Ball
2-2: SINGLE (Groundball, 6MS, EV 65.0 MPH) (infield hit)
Batting: RHB Roberto Lozano 0-0: Called Strike
0-1: Fly out, F8 (Flyball, 8RM, EV 88.8 MPH)
Batting: LHB Roger Adkins 0-0: Ball
1-0: Ball
2-0: Fly out, F8 (Line Drive, 8RM, EV 84.4 MPH)
Batting: SHB Bobby Boatright 0-0: Called Strike
0-1: Called Strike
0-2: Ball
1-2: Ball
2-2: Ball
3-2: Strikes out swinging
Top of the 4th over - 0 runs, 1 hit, 0 errors, 1 left on base; Salt Lake 0 - Las Vegas 0
BOTTOM OF THE 4TH
Las Vegas 51s batting - Pitching for Salt Lake Bees : RHP Vic Correa
Batting: RHB Tommy Gallant 0-0: Ground out 4-3 (Groundball, 4, EV 85.0 MPH)
Batting: RHB Joseph Burgess 0-0: Ball
1-0: Called Strike
1-1: Fly out, F9 (Flyball, 9LM, EV 95.6 MPH)
Batting: LHB Omar Gomez 0-0: Swinging Strike
0-1: Swinging Strike
0-2: Strikes out swinging
Bottom of the 4th over - 0 runs, 0 hits, 0 errors, 0 left on base; Salt Lake 0 - Las Vegas 0
TOP OF THE 5TH
Salt Lake Bees batting - Pitching for Las Vegas 51s : LHP Cesar Corona
Batting: RHB Xavier Montes 0-0: DOUBLE (Line Drive, 89D, EV 98.1 MPH)
Batting: LHB Ricky Sisneros 0-0: Called Strike
0-1: Ball
Wild Pitch!
Xavier Montes to third
1-1: Called Strike
1-2: Strikes out swinging
Batting: RHB Adam Scott 0-0: Ground out 5-3 (Groundball, 56S, EV 77.5 MPH)
Batting: LHB Ryan Mascolino 0-0: Ground out U3 (Groundball, 3, EV 103.1 MPH)
Top of the 5th over - 0 runs, 1 hit, 0 errors, 1 left on base; Salt Lake 0 - Las Vegas 0
BOTTOM OF THE 5TH
Las Vegas 51s batting - Pitching for Salt Lake Bees : RHP Vic Correa
Batting: RHB Jeremy Brant 0-0: Called Strike
0-1: Ground out 4-3 (Groundball, 4S, EV 85.0 MPH)
Batting: RHB Yutaka Higashi 0-0: Called Strike
0-1: Ball
1-1: Ball
2-1: Fly out, F8 (Flyball, 8RM, EV 90.0 MPH)
Batting: RHB Omar Munoz 0-0: Ball
1-0: Called Strike
1-1: Ball
2-1: Ball
3-1: Fly out, F8 (Flyball, 8RM, EV 80.6 MPH)
Bottom of the 5th over - 0 runs, 0 hits, 0 errors, 0 left on base; Salt Lake 0 - Las Vegas 0
TOP OF THE 6TH
Salt Lake Bees batting - Pitching for Las Vegas 51s : LHP Cesar Corona
Batting: RHB Nick Kirks 0-0: Called Strike
0-1: Ball
1-1: Fly out, F9 (Flyball, 89XD, EV 104.4 MPH)
Batting: LHB Jim Matthews 0-0: Called Strike
0-1: Ball
1-1: Ball
2-1: Swinging Strike
2-2: Foul Ball, location: 25FF
2-2: Fly out, F7 (Line Drive, 78M, EV 91.9 MPH)
Batting: RHB Roberto Lozano 0-0: Foul Ball, location: 9LDF
0-1: Called Strike
0-2: Ball
1-2: Ball
2-2: Strikes out looking
Top of the 6th over - 0 runs, 0 hits, 0 errors, 0 left on base; Salt Lake 0 - Las Vegas 0
BOTTOM OF THE 6TH
Las Vegas 51s batting - Pitching for Salt Lake Bees : RHP Vic Correa
Batting: SHB Jose Chavarria 0-0: Ball
1-0: Ball
2-0: Foul Ball, location: 2F
2-1: Called Strike
2-2: Ball
3-2: Base on Balls
Batting: RHB Ken Lopez 0-0: Ball
1-0: Ball
2-0: Bunt missed!
2-1: Ball
3-1: Foul Ball, location: 2F
3-2: Strikes out swinging
Batting: RHB Armando Pereyra 0-0: Called Strike
0-1: Foul Ball, location: 9LDF
0-2: Foul Ball, location: 3SF
0-2: Foul Ball, location: 2F
0-2: Ball
1-2: Ball
2-2: Strikes out looking
Batting: RHB Tommy Gallant 0-0: Ball
Wild Pitch!
Jose Chavarria to second
1-0: Ball
2-0: Ball
3-0: Called Strike
3-1: Base on Balls
Batting: RHB Joseph Burgess 0-0: Called Strike
0-1: Called Strike
0-2: Ball
1-2: Fly out, F7 (Flyball, 78M, EV 93.1 MPH)
Bottom of the 6th over - 0 runs, 0 hits, 0 errors, 2 left on base; Salt Lake 0 - Las Vegas 0
TOP OF THE 7TH
Salt Lake Bees batting - Pitching for Las Vegas 51s : LHP Cesar Corona
Pinch Hitting: RHB Clark Beach 0-0: Swinging Strike
0-1: Ball
1-1: Ball
2-1: Ball
3-1: Base on Balls
Batting: SHB Bobby Boatright 0-0: Ball
1-0: Called Strike
1-1: Fly out, F8 (Flyball, 8LD, EV 95.0 MPH)
Batting: RHB Xavier Montes 0-0: Called Strike
0-1: Ball
1-1: Foul Ball, location: 2F
1-2: Ball
2-2: Ball
3-2: Grounds into double play, 5-4-3 (Groundball, 5, EV 88.8 MPH)
Top of the 7th over - 0 runs, 0 hits, 0 errors, 0 left on base; Salt Lake 0 - Las Vegas 0
BOTTOM OF THE 7TH
Las Vegas 51s batting - Pitching for Salt Lake Bees : RHP Vic Correa
Now in LF: Clark Beach
Batting: LHB Omar Gomez 0-0: Fly out, F4 (Popup, 4M, EV 51.9 MPH)
Batting: RHB Jeremy Brant 0-0: Ball
1-0: Ball
2-0: Ball
3-0: Base on Balls
Batting: RHB Yutaka Higashi 0-0: Ball
1-0: Called Strike
1-1: Foul Ball, location: 3F
1-2: Foul Ball, location: 5FF
1-2: Foul Ball, location: 9LDF
1-2: DOUBLE (Flyball, 9D, EV 105.6 MPH)
Jeremy Brant to third
Batting: RHB Omar Munoz 0-0: Foul Ball, location: 2F
0-1: Ground out 4-3 (Groundball, 4MS, EV 82.5 MPH)
Batting: SHB Jose Chavarria 0-0: Ball
1-0: Ball
2-0: Foul Ball, location: 23F
2-1: Ball
3-1: Called Strike
3-2: Foul Ball, location: 9LSFF
3-2: Foul Ball, location: 2LF
3-2: Base on Balls
Batting: RHB Ken Lopez 0-0: Ball
1-0: Ball
2-0: Called Strike
2-1: Ball
3-1: Fielders Choice at 2nd, 5-4 (Groundball, 56, EV 85.0 MPH)
Bottom of the 7th over - 0 runs, 1 hit, 0 errors, 3 left on base; Salt Lake 0 - Las Vegas 0
TOP OF THE 8TH
Salt Lake Bees batting - Pitching for Las Vegas 51s : LHP Cesar Corona
Pinch Hitting: RHB Jake Foster 0-0: Foul Ball, location: 3FF
0-1: Foul Ball, location: 25F
0-2: Ball
1-2: Foul Ball, location: 23FF
1-2: Strikes out looking
Batting: RHB Adam Scott 0-0: Ball
1-0: Foul Ball, location: 9LMF
1-1: Swinging Strike
1-2: Strikes out swinging
Batting: LHB Ryan Mascolino 0-0: Ground out 4-3 (Groundball, 4M, EV 98.1 MPH)
Top of the 8th over - 0 runs, 0 hits, 0 errors, 0 left on base; Salt Lake 0 - Las Vegas 0
BOTTOM OF THE 8TH
Las Vegas 51s batting - Pitching for Salt Lake Bees : RHP Vic Correa
Now in CF: Jordan Anderson
Batting: RHB Armando Pereyra 0-0: Swinging Strike
0-1: Ball
1-1: Ball
2-1: Foul Ball, location: 7LMF
2-2: DOUBLE (Line Drive, 89M, EV 106.9 MPH)
Pinch Hitting: LHB Ron Tilmann 0-0: Foul Ball, location: 3FF
0-1: Foul Ball, location: 2F
0-2: Ball
1-2: Foul Ball, location: 7LDF
1-2: Ball
2-2: Fly out, F8 (Flyball, 8LD, EV 106.9 MPH)
Batting: RHB Joseph Burgess 0-0: Ball
1-0: Ball
2-0: Swinging Strike
2-1: Swinging Strike
2-2: Strikes out swinging
Batting: LHB Omar Gomez 0-0: Ball
1-0: Called Strike
1-1: SINGLE (Groundball, 6D, EV 101.9 MPH)
Armando Pereyra to third
Runner from 3rd tries for Home, SAFE, throw by CF to home
Pitching: RHP Micah Blanton
Batting: RHB Jeremy Brant 0-0: Swinging Strike
0-1: Ball
1-1: Swinging Strike
1-2: Ball
2-2: Ball
3-2: Base on Balls
Omar Gomez to second
Batting: RHB Yutaka Higashi 0-0: Ball
1-0: Ball
2-0: Called Strike
2-1: Ball
3-1: Base on Balls
Omar Gomez to third
Jeremy Brant to second
Batting: RHB Omar Munoz 0-0: Fly out, F8 (Flyball, 8RD, EV 108.1 MPH)
Bottom of the 8th over - 1 run, 2 hits, 0 errors, 3 left on base; Salt Lake 0 - Las Vegas 1
TOP OF THE 9TH
Salt Lake Bees batting - Pitching for Las Vegas 51s : LHP Cesar Corona
Now at 1B: Adam Mamo
Now at 2B: Chris Higgins
Now at SS: Jose Chavarria
Batting: RHB Nick Kirks 0-0: Ball
1-0: Foul Ball, location: 9LMF
1-1: Fly out, F4 (Popup, 4MD, EV 69.4 MPH)
Batting: LHB Jim Matthews 0-0: Ball
1-0: Called Strike
1-1: Called Strike
1-2: Strikes out swinging
Batting: RHB Roberto Lozano 0-0: Foul Ball, location: 2RF
0-1: Foul Ball, location: 5DF
0-2: Ball
1-2: Ball
2-2: Foul Ball, location: 9LDF
2-2: Ball
3-2: Ground out 4-3 (Groundball, 4, EV 83.8 MPH)
Top of the 9th over - 0 runs, 0 hits, 0 errors, 0 left on base; Salt Lake 0 - Las Vegas 1
Tuesday, April 9th , 2024 - OOTP Baseball 24.11 Build 85